 Dungeon Crawl Stone Soup version 0.28-a0-1114-g8eb0198dcf (webtiles) character file.

Game seed: 18427198837336646931

124 Gargoyl the Skirmisher (level 5, -14/47 HPs)
             Began as a Gnoll Abyssal Knight on Dec 11, 2021.
             Was a Follower of Lugonu.
             Killed from afar by a wretched star (27 damage)
             ... with a lance of force
             ... on level 2 of the Abyss.
             The game lasted 00:00:58 (210 turns).

Gargoyl the Skirmisher (Gnoll Abyssal Knight)        Turns: 210, Time: 00:00:58

Health: -14/47     AC:  9    Str: 14    XL:     5   Next: 8%
Magic:  8/8        EV:  7    Int:  9    God:    Lugonu [*.....]
Gold:   30         SH:  0    Dex: 13    Spells: 6/6 levels left

rFire   . . .      SeeInvis .   a - +1 hand axe
rCold   . . .      Faith    .   (no shield)
rNeg    . . .      Spirit   .   c - +0 chain mail
rPois   .          Reflect  .   (no helmet)
rElec   .          Harm     .   (no cloak)
rCorr   .          Rampage  .   (no gloves)
Will    .....                   (no boots)
Stlth   ..........              (no amulet)
HPRegen 0.15/turn               (no ring)
MPRegen 0.11/turn               (no ring)

@: confused
A: fangs 1, strong nose, distributed training, [screaming 2]
a: Renounce Religion, Depart the Abyss


You were on level 2 of the Abyss.
You worshipped Lugonu.
Lugonu was aware of your devotion.
You visited 0 branches of the dungeon, and saw 0 of its levels.
You visited the Abyss 1 time.

You collected 30 gold pieces.

Inventory:

Hand Weapons
 a - a +1 hand axe (weapon)
Armour
 b - a +0 leather armour
 c - a +0 chain mail (worn)


   Skills:
 + Level 6.6 Fighting
 + Level 1.3 Short Blades
 + Level 1.3 Long Blades
 + Level 4.7 Axes
 + Level 1.3 Maces & Flails
 + Level 1.3 Polearms
 + Level 1.3 Staves
 + Level 1.3 Slings
 + Level 1.3 Bows
 + Level 1.3 Crossbows
 + Level 1.3 Throwing
 + Level 4.7 Armour
 + Level 2.9 Dodging
 + Level 1.3 Stealth
 + Level 1.3 Shields
 + Level 1.3 Unarmed Combat
 + Level 1.3 Spellcasting
 + Level 1.1 Conjurations
 + Level 1.1 Hexes
 + Level 1.1 Summonings
 + Level 1.1 Necromancy
 + Level 1.1 Translocations
 + Level 1.1 Transmutations
 + Level 1.1 Fire Magic
 + Level 1.1 Ice Magic
 + Level 1.1 Air Magic
 + Level 1.1 Earth Magic
 + Level 1.1 Poison Magic
 + Level 4.8 Invocations
 + Level 1.3 Evocations


You had 6 spell levels left.
You didn't know any spells.
Your spell library was empty.

Dungeon Overview and Level Annotations

Branches:
Dungeon (0/15)

Altars:


Innate Abilities, Weirdness & Mutations

You have very sharp teeth.
Your uncanny sense of smell can sniff out nearby items.
Your experience applies equally to all skills.
[You frequently scream uncontrollably at your foes.]


Message History

You bump into the metal wall.
You bump into the metal wall.
The golden eye turns its gaze towards you. x2
The golden eye blinks!
Unknown command.
You bump into the stone wall.
The golden eye turns its gaze towards you.
The golden eye blinks at you.
You are more confused.
You're too confused to move!
The golden eye blinks at you.
You are more confused.
The wretched star pulses with an eldritch light!
You feel the urge to shout.
You feel a strong urge to scream.
The wretched star glows turbulently.
The lance of force misses you.
Unknown command.
You barely miss the golden eye. The golden eye blinks at you.
You are more confused.
Unknown command.
You bump into the stone wall.
The golden eye turns its gaze towards you.
The golden eye blinks at you. You resist with some effort.
The golden eye blinks!
A hell hog comes into view.
The wretched star glows turbulently.
The lance of force hits you!
You are knocked back by the lance of force.
You collide with the golden eye!
The golden eye dies!
* * * LOW HITPOINT WARNING * * *
The hell hog moves out of view.
Unknown command.
You bump into the metal wall.
The golden eye turns its gaze towards you.
The wretched star glows turbulently.
The lance of force hits you!!
Ouch! That really hurt!
You die...

.. . . # . #
#.# . ...#..
..# # . #### .
.# .. . ...
##.# #.. # G.
#.. .# ... #.
#.. .. # . .##
#.###### .# ..
. #. .
#....#.#.##.
... #
.#..##∩.*.@...#
. . . .#. ..
.#.#.[.#.#..##
..# . # .. #
###...#### .# .
# # .# # .
.G.#.#.# . . .
.. ###... G...
#.## .###.#.##
#.. #. .. .
#.#. ## ##
#...###. ##.# #
. . # # #


You could see a wretched star and a golden eye.

Vanquished Creatures
  A golden eye (Abyss:2)
1 creature vanquished.

Vanquished Creatures (others)
  A golden eye (Abyss:2)
  2 starspawn tentacles (Abyss:1)
3 creatures vanquished.

Grand Total: 4 creatures vanquished

Notes
Turn   | Place    | Note
-------+----------+-------------------------------------------
     0 | Abyss:1  | Gargoyl the Gnoll Abyssal Knight began the quest for the
                  | Orb.
     0 | Abyss:1  | Reached XP level 1. HP: 23/23 MP: 3/3
    75 | Abyss:1  | Noticed a tentacled starspawn
    88 | Abyss:1  | Noticed a large abomination
   151 | Abyss:2  | Noticed a golden eye
   163 | Abyss:2  | Identified the +1 scale mail of Altruism {Str+2}
   184 | Abyss:2  | Noticed a golden eye
   185 | Abyss:2  | Noticed a golden eye
   189 | Abyss:2  | Noticed a golden eye
   190 | Abyss:2  | Killed a golden eye
   191 | Abyss:2  | Reached skill level 1 in Short Blades
   191 | Abyss:2  | Reached skill level 1 in Long Blades
   191 | Abyss:2  | Reached skill level 1 in Maces & Flails
   191 | Abyss:2  | Reached skill level 1 in Polearms
   191 | Abyss:2  | Reached skill level 1 in Staves
   191 | Abyss:2  | Reached skill level 1 in Slings
   191 | Abyss:2  | Reached skill level 1 in Bows
   191 | Abyss:2  | Reached skill level 1 in Crossbows
   191 | Abyss:2  | Reached skill level 1 in Throwing
   191 | Abyss:2  | Reached skill level 1 in Stealth
   191 | Abyss:2  | Reached skill level 1 in Shields
   191 | Abyss:2  | Reached skill level 1 in Unarmed Combat
   191 | Abyss:2  | Reached skill level 1 in Spellcasting
   191 | Abyss:2  | Reached skill level 1 in Conjurations
   191 | Abyss:2  | Reached skill level 1 in Hexes
   191 | Abyss:2  | Reached skill level 1 in Summonings
   191 | Abyss:2  | Reached skill level 1 in Necromancy
   191 | Abyss:2  | Reached skill level 1 in Translocations
   191 | Abyss:2  | Reached skill level 1 in Transmutations
   191 | Abyss:2  | Reached skill level 1 in Fire Magic
   191 | Abyss:2  | Reached skill level 1 in Ice Magic
   191 | Abyss:2  | Reached skill level 1 in Air Magic
   191 | Abyss:2  | Reached skill level 1 in Earth Magic
   191 | Abyss:2  | Reached skill level 1 in Poison Magic
   191 | Abyss:2  | Reached skill level 1 in Evocations
   191 | Abyss:2  | Reached XP level 2. HP: 29/29 MP: 5/5
   191 | Abyss:2  | Reached XP level 3. HP: 35/35 MP: 6/6
   191 | Abyss:2  | Reached XP level 4. HP: 41/41 MP: 7/7
   191 | Abyss:2  | Reached XP level 5. HP: 47/47 MP: 8/8
   205 | Abyss:2  | Noticed a wretched star
   209 | Abyss:2  | Noticed a hell hog
   209 | Abyss:2  | Killed a golden eye
   210 | Abyss:2  | Killed from afar by a wretched star

Illustrated notes

Levels and vault maps discovered:
Abyss:2:  base:
Temple

Skill      XL: |  1 |
---------------+----+-----
Short Blades   | 1 |  1.3
Long Blades    | 1 |  1.3
Maces & Flails | 1 |  1.3
Polearms       | 1 |  1.3
Staves         | 1 |  1.3
Slings         | 1 |  1.3
Bows           | 1 |  1.3
Crossbows      | 1 |  1.3
Throwing       | 1 |  1.3
Stealth        | 1 |  1.3
Shields        | 1 |  1.3
Unarmed Combat | 1 |  1.3
Spellcasting   | 1 |  1.3
Conjurations   | 1 |  1.1
Hexes          | 1 |  1.1
Summonings     | 1 |  1.1
Necromancy     | 1 |  1.1
Translocations | 1 |  1.1
Transmutations | 1 |  1.1
Fire Magic     | 1 |  1.1
Ice Magic      | 1 |  1.1
Air Magic      | 1 |  1.1
Earth Magic    | 1 |  1.1
Poison Magic   | 1 |  1.1
Evocations     | 1 |  1.3
Fighting       | |  6.6
Axes           | |  4.7
Armour         | |  4.7
Dodging        | |  2.9
Invocations    | |  4.8

Action                   |  1- 3 |  4- 6 || total
-------------------------+-------+-------++-------
Melee: Hand axe          |     6 |     3 ||     9
       Bite              |       |     1 ||     1
  Use: Potion            |     1 |       ||     1
Dodge: Dodged            |       |     1 ||     1

Table legend: (Time is in decaauts)
 A = Elapsed time spent in this place.
 B = Non-inter-level travel time spent in this place.
 C = Inter-level travel time spent in this place.
 D = Time resting spent in this place.
 E = Time spent auto-exploring this place.
 F = Levels seen in this place.
 G = Mean time per level.
                   A        B        C        D        E       F      G
               +--------+--------+--------+--------+--------+-----+--------+
         Total |    210 |    210 |      0 |      0 |     96 |   2 |  105.0 |
         Abyss |    210 |    210 |      0 |      0 |     96 |   2 |  105.0 |
               +--------+--------+--------+--------+--------+-----+--------+

Top non-repeatable levels by time:
 Abyss:2: 105 daAuts
 Abyss:1: 105 daAuts
